AoeStats
← Keanu

Arabia

509243862Analyzed
1v1 RM · 5d ago on Sep 26, 2026· 25m 23s· 2 players
Game mode
Random Map
Map size
Tiny (2 player)
Population
200
Speed
Normal
Resources
Standard
Victory
Conquest
Starting age
Dark Age
Ending age
Imperial Age
RankedLock teamsTeams togetherTeam positionsShared explorationLock speedFull tech treeHidden civsTurbo modeCheats
Victory
Defeat
🇺🇸 Magyars · United States
1276
+13
🇦🇷 Magyars · Argentina
1218
-13
Sir_Malmsteen
5:12 Loom
11:21 Feudal Age
12:43 Double-Bit Axe
12:40 Horse Collar
21:24 Castle Age
19:33 Scale Barding Armor
19:26 Gold Mining
21:42 Light Cavalry
23:26 Chain Barding Armor
24:01 Wheelbarrow
Keanu
6:29 Loom
9:00 Feudal Age
9:48 Double-Bit Axe
10:11 Horse Collar
20:07 Castle Age
18:15 Gold Mining
19:20 Bloodlines
19:18 Scale Barding Armor
21:11 Bow Saw
23:21 Husbandry
Connection lost

Rejoining the realm…

Still unreachable

The connection could not be restored.

Session expired

The server has moved on; the page needs a fresh start.